 Dungeon Crawl Stone Soup version 0.18.1-48-g4cf74bf (webtiles) character file.

381209 MirrMurr the Ninja (level 21, -6/103 HPs)
             Began as a Spriggan Enchanter on June 19, 2016.
             Was the Champion of Ashenzari.
             Killed from afar by a fire giant (22 damage)
             ... with a fireball
             ... on level 5 of the Vaults on June 27, 2016.
             The game lasted 04:48:13 (77277 turns).

MirrMurr the Ninja (Spriggan Enchanter)            Turns: 77277, Time: 04:48:14

Health: -6/103     AC: 15    Str: 10    XL:     21   Next: 90%
Magic:  23/48      EV: 40    Int: 17    God:    Ashenzari [******]
Gold:   3081       SH: 12    Dex: 23    Spells: 16 memorised, 17 levels left

rFire  + . .     SeeInvis +     T - +6 dagger of Seimum {speed, +Blink rPois Int-4 Dex+2} (curse)
rCold  + . .     Gourm    .     b - quicksilver dragon armour (curse)
rNeg   + . .     Faith    .     f - +3 buckler {AC+3} (curse)
rPois  +         Spirit   .     W - +0 hat
rElec  .         Dismiss  .     O - +0 cloak {rF+} (curse)
rCorr  .         Reflect  .     (gloves unavailable)
SustAt .         Harm     .     (boots unavailable)
MR     ++++.     Clarity  +     A - amulet of magic regeneration (curse)
Stlth  ++++++++++               P - +6 ring of evasion (curse)
                                v - ring of Cali {rC+ rN+ Str+2 Dex+3} (curse)

@: repel missiles, very quick, incredibly resistant to hostile enchantments,
uncannily stealthy
A: unfitting armour, see invisible, herbivore 3, speed 3, slow regeneration 1,
slow metabolism 2
a: Curse Item, Scrying, Transfer Knowledge, Renounce Religion, Evoke Blink
}: 2/15 runes: barnacled, gossamer


You were on level 5 of the Vaults.
You worshipped Ashenzari.
Ashenzari was exalted by your worship.
You were full.

You visited 8 branches of the dungeon, and saw 42 of its levels.
You also visited: Ossuary, Ice Cave and Volcano.

You collected 4691 gold pieces.
You spent 1610 gold pieces at shops.

Inventory:

Hand Weapons
 o - a +4 rapier of piercing
 T - the cursed +6 dagger of Seimum (weapon) {speed, +Blink rPois Int-4 Dex+2}
   (You found it on level 2 of the Lair of Beasts)

   Attacks with this weapon are significantly faster.
   It affects your intelligence (-4).
   It affects your dexterity (+2).
   It protects you from poison.
   It lets you blink.
   It has a curse placed upon it.
Missiles
 e - 1040 stones
 I - 5 steel tomahawks
 K - 56 tomahawks (quivered)
 N - 5 throwing nets
Armour
 b - a cursed quicksilver dragon armour (worn)
 f - a cursed +3 buckler of protection (worn)
 O - a cursed +0 cloak of fire resistance (worn)
 W - a +0 hat (worn)
Jewellery
 v - the cursed ring of Cali (left hand) {rC+ rN+ Str+2 Dex+3}
   (You took it off a deep elf demonologist on level 3 of the Elven Halls)

   [ring of positive energy]

   It affects your strength (+2).
   It affects your dexterity (+3).
   It protects you from cold.
   It protects you from negative energy.
   It has a curse placed upon it.
 A - a cursed amulet of magic regeneration (around neck)
 P - a cursed +6 ring of evasion (right hand)
Wands
 s - a wand of acid (11/15)
 y - a wand of digging (14/24)
 z - a wand of flame (21/48)
 B - a wand of iceblast (5/15)
 H - a wand of lightning (8/15)
 S - a wand of hasting (4/9)
Scrolls
 i - 20 scrolls of identify
 m - 3 scrolls of enchant armour
 p - 4 scrolls of magic mapping
 r - 10 scrolls of remove curse
 F - a scroll of blinking
 L - 5 scrolls of teleportation
 R - 7 scrolls of recharging
 X - 5 scrolls of fear
 Y - 4 scrolls of enchant weapon
Potions
 a - a potion of magic
 h - 4 potions of flight
 j - 2 potions of resistance
 l - 4 potions of heal wounds
 n - 5 potions of haste
 u - 6 potions of cancellation
 w - 9 potions of brilliance
 C - 7 potions of might
 D - a potion of cure mutation
 J - 3 potions of agility
 U - 2 potions of invisibility
 Z - 21 potions of curing
Miscellaneous
 g - a disc of storms
 q - a phial of floods
 t - a box of beasts
 x - a fan of gales
 G - a crystal ball of energy
 V - a phantom mirror
Comestibles
 d - 13 bread rations
 k - 17 fruits


   Skills:
 + Level 8.7 Fighting
 + Level 10.7(14.9) Short Blades
 + Level 3.7(6.5) Armour
 + Level 16.3(18.8) Dodging
 O Level 27 Stealth
 + Level 5.5(8.6) Shields
 + Level 22.7 Spellcasting
 + Level 5.4(9.9) Conjurations
 + Level 18.3(22.0) Hexes
 + Level 5.3(9.8) Charms
 + Level 3.0(6.8) Summonings
 + Level 4.4(8.8) Translocations
 + Level 3.2(7.1) Fire Magic
 + Level 6.3(10.9) Ice Magic
 + Level 3.5(7.5) Air Magic
 + Level 3.4(7.4) Poison Magic
 * Level 4.3(8.6) Evocations


You had 17 spell levels left.
You knew the following spells:

 Your Spells              Type           Power        Failure   Level  Hunger
a - Ensorcelled Hibernat  Hex/Ice        ######       0%          2    None
b - Confuse               Hex            #######.     0%          3    None
c - Conjure Flame         Conj/Fire      #####...     1%          3    None
d - Dazzling Spray        Conj/Hex       ######       1%          3    None
e - Tukima's Dance        Hex            #######.     0%          3    None
f - Magic Dart            Conj           ####         1%          1    None
g - Shroud of Golubria    Chrm/Tloc      ######....   1%          2    None
h - Iskenderun's Battles  Conj/Chrm      ######..     2%          5    #......
i - Invisibility          Hex            #######.     1%          6    ####...
m - Mephitic Cloud        Conj/Pois/Air  #####...     1%          3    None
r - Repel Missiles        Chrm/Air       #####.       1%          2    None
s - Summon Butterflies    Summ           #####...     1%          1    None
A - Apportation           Tloc           #####.....   1%          1    None
B - Blink                 Tloc           N/A          1%          2    None
D - Discord               Hex            #######...   8%          8    #######
R - Regeneration          Chrm/Necr      #####.....   1%          3    None


Dungeon Overview and Level Annotations

Branches:
Dungeon (15/15)            Temple (1/1) D:4            Lair (8/8) D:10
 Shoals (4/4) Lair:6       Spider (4/4) Lair:6        Slime (0/6) Lair:8
    Orc (2/2) D:10            Elf (3/3) Orc:2        Vaults (5/5) D:13
  Crypt (0/3) Vaults:2     Depths (0/5) D:15

Altars:
Ashenzari
Cheibriados
Dithmenos
Elyvilon
Fedhas
Gozag
Kikubaaqudgha
Makhleb
Nemelex Xobeh
Okawaru
Pakellas
Qazlal
Ru
Sif Muna
Trog
Vehumet
Xom
Yredelemnul
Zin
The Shining One
Beogh
Lugonu

Shops:
Orc:1 *   Orc:2 [[?:}   Elf:1 =   Elf:3 [

Portals:
Trove: Elf:2 (give 15 scrolls of teleportation)

Annotations:
Lair:7 exclusion: oklob plant
Shoals:1 come back?
Vaults:5 Sojobo


Innate Abilities, Weirdness & Mutations

You are tiny and cannot use many weapons and most armour.
You have supernaturally acute eyesight.
You are a herbivore.
You cover ground extremely quickly.
You need consume almost no food.
You regenerate slowly when monsters are visible.


Message History

Casting: Dazzling Spray
Confirm with . or Enter, or press ? or * to list all spells.
Aiming: Confuse
Press: ? - help, Shift-Dir - straight line, f/p - vault warden
Aim: a vault warden, wielding a long sword and wearing a chain mail (magical condensation, moderately wounded, chance to defeat MR: 50%)
The vault warden resists with some effort.
The vault warden hits you with a long sword!
* * * LOW HITPOINT WARNING * * *
Casting: Confuse
Confirm with . or Enter, or press ? or * to list all spells.
Aiming: Confuse
Press: ? - help, Shift-Dir - straight line, f/p - vault warden
Aim: a vault warden, wielding a long sword and wearing a chain mail (magical condensation, moderately wounded, chance to defeat MR: 50%)
The vault warden resists with some effort.
The fire giant casts a spell at you. The bolt of fire misses you.
You block the vault warden's attack. 2 yaktaurs come into view.
The fire giant points at you and mumbles some strange words.
The fireball explodes!
The fireball engulfs you! You resist.
You die...

##########
###################
####################
#####################
###...................
###...................
###....###############
####..@..#}#.#.#.#.#.#.
####.)#.#.#C#.#.#.#.#.#
####..##.#)#.#.#.#.#.#.
####..#.#C#########.###
####..##.#########.#.##
####..#{#.########...##
####..##{#######{..$...
####cc#.#.#####........
####..##.#####...".)$|.


You could see a fire giant and 2 yaktaurs.

Vanquished Creatures
  Rupert (D:14)
  3 deep elf master archers (Elf:3)
  The ghost of Kloppie the Minotaur Blade, an adept MiBe of Trog (Spider:4)
  Gastronok (Lair:3)
  4 deep elf blademasters
  2 sphinxes
  Kirke (Spider:4)
  2 storm dragons (Vaults:4)
  An azure jelly (shapeshifter) (Vaults:5)
  A tengu reaver (Vaults:5)
  6 deep elf sorcerers
  Ilsuiw (Shoals:4)
  2 ghost moths
  An orc warlord (Orc:1)
  6 vault wardens
  Louise (Spider:3)
  3 frost giants
  5 emperor scorpions
  4 deep elf elementalists (Elf:3)
  13 ironheart preservers
  2 salamander stormcallers
  A very ugly thing (Vaults:5)
  13 deep elf demonologists
  6 stone giants
  11 deep elf annihilators
  Azrael (D:12)
  2 spark wasps (Spider:4)
  10 deep elf death magi
  A merfolk javelineer (Shoals:4)
  7 ettins
  Snorg (D:13)
  A fire dragon (Lair:8)
  10 deep elf high priests (Elf:3)
  6 vault guards
  4 entropy weavers
  A great orb of eyes (Vaults:4)
  4 merfolk impalers (Shoals:4)
  Josephine (Lair:7)
  2 rakshasas
  Erolcha (D:8)
  An entropy weaver (shapeshifter) (Vaults:2)
  9 hydras
  12 yaktaur captains
  An ice dragon (Vaults:1)
  2 merfolk avatars (Shoals:4)
  11 ogre magi
  3 merfolk aquamancers
  5 catoblepae
  13 centaur warriors
  32 dancing weapons
  A satyr (Shoals:4)
  17 death yaks
  A deep troll shaman (Vaults:4)
  6 orc high priests
  3 tengu warriors
  Urug (D:10)
  27 deep elf knights
  Sonja (D:12)
  3 shadow wraiths
  8 skeletal warriors (Vaults:2)
  4 sea snakes
  7 death scarabs (Spider:4)
  A sea snake (shapeshifter) (D:15)
  5 deep trolls
  A giant orange brain (D:15)
  7 ironbrand convokers
  3 hill giants
  A wizard (Vaults:1)
  21 deep elf archers
  18 harpies
  A wolf spider zombie (Spider:4)
  11 orb spiders
  8 orc knights
  A frost giant zombie (Vaults:1)
  2 spectral wolf spiders
  2 necromancers
  28 wolf spiders
  8 hornets
  9 manticores
  85 deep elf magi
  7 griffons
  A shining eye (shapeshifter) (Vaults:4)
  5 fauns
  The ghost of Execuda the Fighter, a novice MiBe of Trog (D:4)
  Maurice (Orc:1)
  7 sirens
  A centaur zombie (D:14)
  10 ugly things
  6 cyclopes
  A guardian serpent (shapeshifter) (Vaults:4)
  3 moths of wrath (Spider:4)
  12 vault sentinels
  6 black mambas
  4 water nymphs
  9 elephants
  2 stone giant skeletons (Vaults:2)
  A fire giant skeleton (Vaults:2)
  Psyche (D:12)
  2 ice statues (IceCv)
  A spiny frog (shapeshifter) (D:15)
  3 torpor snails
  A storm dragon simulacrum (Vaults:3)
  17 spiny frogs
  7 freezing wraiths
  7 rime drakes
  A spectral redback (Spider:3)
  A gargoyle (D:13)
  29 yaktaurs
  7 ice devils (IceCv)
  15 demonic crawlers
  A komodo dragon (shapeshifter) (Vaults:1)
  4 kobold demonologists
  A tengu conjurer (D:13)
  13 komodo dragons
  4 trolls
  A yaktaur skeleton (Vaults:2)
  2 redback zombies (Spider:4)
  12 merfolk
  27 jumping spiders
  A wind drake (Shoals:2)
  5 spectral jumping spiders
  21 two-headed ogres
  3 spectral tarantellas
  3 jumping spider zombies (Spider:4)
  4 tarantella zombies (Spider:4)
  4 slime creatures
  A wind drake (shapeshifter) (D:15)
  6 boulder beetles
  16 blink frogs
  A hornet zombie (Spider:4)
  3 snapping turtles (Shoals:4)
  A human simulacrum (Vaults:1)
  4 air elementals
  3 water elementals
  5 fire elementals
  61 yaks
  31 tarantellas
  74 redbacks
  2 ettin skeletons (Vaults:2)
  A basilisk (shapeshifter) (D:15)
  5 wyverns
  A yak (shapeshifter) (Vaults:2)
  A wyvern (shapeshifter) (Vaults:2)
  A hog (shapeshifter) (D:15)
  A human (D:8)
  A human (shapeshifter) (Vaults:2)
  4 wraiths
  7 basilisks (Lair:8)
  2 fire bats (Volcano)
  A hog (Volcano)
  A hungry ghost (D:14)
  9 hippogriffs
  17 vampire mosquitoes
  2 steam dragons (Lair:8)
  Edmund (D:6)
  Menkaure (D:5)
  A mottled dragon (Vaults:2)
  2 wargs
  2 hell hounds (D:12)
  16 water moccasins
  14 porcupines
  Duvessa (D:5)
  51 orc warriors
  3 sky beasts
  2 swamp drakes (Lair:8)
  5 ice beasts
  2 wasps
  2 phantoms
  3 black bears
  2 eyes of draining
  47 ogres
  13 centaurs
  2 orc skeletons (Vaults:2)
  14 wolves
  14 crocodiles
  Blork the orc (D:5)
  2 big kobolds
  16 giant frogs
  5 earth elementals
  A wyvern zombie (D:9)
  4 human skeletons
  4 water moccasin zombies (Ossuary)
  2 scorpions
  Dowan (D:5)
  4 killer bees (D:8)
  15 wights
  3 electric eels
  9 howler monkeys
  8 crimson imps
  2 giant frog zombies (D:12)
  A quasit (D:15)
  A draconian simulacrum (IceCv)
  7 hounds
  3 centaur skeletons
  2 giant frog skeletons
  2 jellies
  37 orc priests
  36 orc wizards
  23 iguanas
  11 worker ants
  A troll simulacrum (IceCv)
  18 sheep
  A big kobold zombie (Ossuary)
  2 centaur simulacra (IceCv)
  2 hound skeletons
  2 mummies (Ossuary)
  6 adders
  4 gnolls (D:2)
  3 ogre simulacra (IceCv)
  3 naga simulacra (IceCv)
  60 river rats
  7 shadow imps
  12 white imps (Lair:4)
  An ooze (D:2)
  5 adder zombies (Ossuary)
  An adder skeleton (D:8)
  A worm (D:6)
  2 dart slugs (D:1)
  10 giant geckos
  112 orcs
  3 ball pythons
  4 giant cockroaches
  3 gnoll zombies (Ossuary)
  5 hobgoblins
  2 jackals (D:4)
  2 quokkas
  10 bats
  A giant cockroach zombie (D:5)
  5 giant newts
  6 goblins
  5 hobgoblin zombies (Ossuary)
  A jackal skeleton (D:6)
  18 kobolds
  4 kobold zombies (Ossuary)
  7 orc zombies (Ossuary)
  2 quokka zombies
  15 rats
  2 fungi
1807 creatures vanquished.

Vanquished Creatures (collateral kills)
  A tentacled monstrosity (Vaults:5)
  A storm dragon (Vaults:5)
  A vault warden (Vaults:5)
  An ironheart preserver (Vaults:5)
  An ettin (Vaults:5)
  23 vault guards (Vaults:5)
  2 vault sentinels (Vaults:5)
30 creatures vanquished.

Vanquished Creatures (others)
  Xtahua (Vaults:5)
  A stone giant (Vaults:5)
  3 vault guards (Vaults:5)
  A deep elf mage (Vaults:2)
  A vault sentinel (Vaults:5)
  A yaktaur (Vaults:5)
  7 humans (Spider:4)
  A water elemental (Elf:2)
  An ogre (Vaults:2)
  A centaur (D:13)
  An orc (Elf:2)
  A bush (Shoals:4)
  41 fungi
  39 plants
100 creatures vanquished.

Grand Total: 1937 creatures vanquished

Notes
Turn   | Place    | Note
--------------------------------------------------------------
     0 | D:1      | MirrMurr the Spriggan Enchanter began the quest for the Orb.
     0 | D:1      | Reached XP level 1. HP: 9/9 MP: 5/5
   122 | D:1      | Reached XP level 2. HP: 11/13 MP: 6/6
   126 | D:1      | Learned a level 2 spell: Ensorcelled Hibernation
  1079 | D:2      | Found a white marble altar of Elyvilon.
  1341 | D:2      | Reached XP level 3. HP: 15/16 MP: 8/8
  1362 | D:2      | Learned a level 3 spell: Confuse
  1559 | D:2      | Reached skill level 5 in Stealth
  1559 | D:2      | Reached XP level 4. HP: 19/21 MP: 3/9
  1662 | D:2      | Found an oddly glowing altar of Pakellas.
  1662 | D:2      | Found a sparkling altar of Nemelex Xobeh.
  1700 | D:2      | Found a snail-covered altar of Cheibriados.
  1700 | D:2      | Found a sacrificial altar of Ru.
  1701 | D:2      | Found a burning altar of Makhleb.
  2048 | D:2      | Found a glowing golden altar of the Shining One.
  2821 | D:3      | Noticed an ogre
  2837 | D:3      | Killed an ogre
  2837 | D:3      | Reached skill level 5 in Hexes
  2837 | D:3      | Reached XP level 5. HP: 25/25 MP: 7/11
  2842 | D:3      | Learned a level 3 spell: Dazzling Spray
  2968 | D:3      | Found a shimmering altar of Xom.
  3230 | D:4      | Noticed Execuda's ghost (novice MiBe)
  3297 | D:4      | Killed Execuda's ghost
  3297 | D:4      | Reached skill level 1 in Fighting
  3297 | D:4      | Reached skill level 6 in Stealth
  3297 | D:4      | Reached skill level 1 in Ice Magic
  3297 | D:4      | Reached XP level 6. HP: 30/30 MP: 5/13
  3297 | D:4      | Reached XP level 7. HP: 33/33 MP: 5/14
  3393 | D:4      | Found a staircase to the Ecumenical Temple.
  3399 | Temple   | Entered the Ecumenical Temple
  3413 | Temple   | Became a worshipper of Ashenzari the Shackled
  3515 | D:4      | Reached skill level 7 in Stealth
  4002 | D:4      | Reached skill level 5 in Spellcasting
  4347 | D:4      | Found a blossoming altar of Fedhas.
  4650 | D:5      | Entered Level 5 of the Dungeon
  4655 | D:5      | Reached skill level 8 in Stealth
  4739 | D:5      | Found a sand-covered staircase.
  4749 | Ossuary  | Entered an ossuary
  5074 | Ossuary  | Reached XP level 8. HP: 37/37 MP: 15/17
  5670 | D:5      | Noticed Menkaure
  6012 | D:5      | Killed Menkaure
  6093 | D:5      | Noticed Blork the orc
  6100 | D:5      | Killed Blork the orc
  6100 | D:5      | Reached skill level 9 in Stealth
  6288 | D:5      | Noticed Dowan
  6295 | D:5      | Killed Dowan
  6449 | D:5      | Noticed Duvessa
  6461 | D:5      | Killed Duvessa
  6643 | D:6      | Noticed Edmund
  6648 | D:6      | Killed Edmund
  6680 | D:6      | Reached skill level 10 in Stealth
  6964 | D:6      | Reached XP level 9. HP: 41/41 MP: 17/20
  7138 | D:6      | Found a deep blue altar of Sif Muna.
  7238 | D:6      | Identified Sif Muna's Handbook of Good Luck
  7721 | D:6      | Reached * piety under Ashenzari
  7988 | D:6      | Reached skill level 11 in Stealth
  8694 | D:7      | Found an opulent altar of Gozag.
  8968 | D:7      | Reached skill level 5 in Short Blades
  9101 | D:8      | Reached skill level 1 in Shields
  9167 | D:8      | Reached XP level 10. HP: 46/46 MP: 23/23
  9293 | D:8      | Noticed Erolcha
  9303 | D:8      | Reached skill level 12 in Stealth
  9340 | D:8      | Killed Erolcha
  9521 | D:8      | Found a bloodstained altar of Trog.
 10487 | D:9      | Reached ** piety under Ashenzari
 10564 | D:10     | Entered Level 10 of the Dungeon
 10570 | D:10     | Noticed Urug
 10577 | D:10     | Killed Urug
 10577 | D:10     | Reached skill level 13 in Stealth
 10591 | D:10     | Noticed a hill giant
 10637 | D:10     | Killed a hill giant
 10698 | D:10     | Found a staircase to the Orcish Mines.
 11071 | D:10     | Found a roughly hewn altar of Beogh.
 11163 | D:10     | Found a staircase to the Lair.
 11312 | D:10     | Reached XP level 11. HP: 45/51 MP: 22/25
 11590 | D:10     | Reached skill level 10 in Dodging
 11597 | D:10     | Reached skill level 14 in Stealth
 11931 | D:10     | Reached skill level 1 in Conjurations
 12375 | Lair:1   | Entered Level 1 of the Lair of Beasts
 13186 | Lair:2   | Noticed a seven-headed hydra
 13195 | Lair:2   | Reached *** piety under Ashenzari
 13211 | Lair:2   | Noticed an eight-headed hydra
 13235 | Lair:2   | Killed an eight-headed hydra
 13242 | Lair:2   | Found a dark tunnel.
 13258 | Volcano  | Entered a volcano
 14441 | Lair:2   | Reached skill level 15 in Stealth
 14757 | Lair:2   | Learned a level 3 spell: Ozocubu's Armour
 14759 | Lair:2   | Learned a level 1 spell: Apportation
 14763 | Lair:2   | Learned a level 3 spell: Tukima's Dance
 14835 | Lair:2   | Killed a seven-headed hydra
 14835 | Lair:2   | Reached skill level 10 in Spellcasting
 14849 | Lair:2   | Got the dagger of Seimum {speed, +Blink rPois Int-4 Dex+2}
 14850 | Lair:2   | Identified the +6 dagger of Seimum {speed, +Blink rPois Int-4 Dex+2} (You found it on level 2 of the Lair of Beasts)
 15221 | Lair:3   | Reached skill level 10 in Hexes
 15283 | Lair:3   | Reached XP level 12. HP: 56/56 MP: 13/27
 15587 | Lair:3   | Noticed a death yak
 15589 | Lair:3   | Noticed a death yak
 15591 | Lair:3   | Noticed a death yak
 15591 | Lair:3   | Noticed a death yak
 15592 | Lair:3   | Noticed a death yak
 15594 | Lair:3   | Killed a death yak
 15658 | Lair:3   | Killed a death yak
 15977 | Lair:3   | Noticed Gastronok
 15990 | Lair:3   | Killed Gastronok
 16152 | Lair:3   | Killed a death yak
 16209 | Lair:3   | Reached skill level 16 in Stealth
 16631 | Lair:3   | Killed a death yak
 16922 | Lair:3   | Killed a death yak
 16922 | Lair:3   | Reached skill level 5 in Fighting
 17287 | Lair:4   | Noticed a six-headed hydra
 17293 | Lair:4   | Found a frozen archway.
 17310 | IceCv    | Entered an ice cave
 18020 | IceCv    | Reached **** piety under Ashenzari
 19365 | Lair:4   | Reached XP level 13. HP: 64/64 MP: 26/29
 20040 | Lair:5   | Identified the Incunabulum of Sinister Rites (You found it on level 5 of the Lair of Beasts)
 20234 | Lair:5   | Reached ***** piety under Ashenzari
 20244 | Lair:5   | Reached skill level 1 in Charms
 20624 | Lair:6   | Reached skill level 17 in Stealth
 20793 | Lair:6   | Found a hole to the Spider Nest.
 21142 | Lair:6   | Found a staircase to the Shoals.
 21620 | Lair:7   | Reached skill level 1 in Translocations
 22250 | Lair:7   | Noticed Josephine
 23153 | Lair:7   | Killed Josephine
 23361 | Lair:7   | Reached XP level 14. HP: 70/70 MP: 28/31
 24143 | Lair:8   | Entered Level 8 of the Lair of Beasts
 24564 | Lair:8   | Found a staircase to the Slime Pits.
 24611 | Lair:8   | Reached skill level 18 in Stealth
 25616 | Lair:8   | Learned a level 5 spell: Iskenderun's Battlesphere
 25618 | Lair:8   | Learned a level 1 spell: Magic Dart
 28600 | Orc:1    | Entered Level 1 of the Orcish Mines
 28971 | Orc:1    | Found a bloodstained altar of Trog.
 29064 | Orc:2    | Entered Level 2 of the Orcish Mines
 29064 | Orc:2    | Found a staircase to the Elven Halls.
 29176 | Orc:2    | Found a roughly hewn altar of Beogh.
 29219 | Orc:1    | Noticed an orc warlord
 29409 | Orc:1    | Found Roigrem's Assorted Antiques.
 29503 | Orc:1    | Reached skill level 19 in Stealth
 29972 | Orc:1    | Killed an orc warlord
 29999 | Orc:1    | Noticed Maurice
 30004 | Orc:1    | Killed Maurice
 30004 | Orc:1    | Reached XP level 15. HP: 75/75 MP: 33/33
 30201 | Orc:2    | Found Moihuturch's Gadget Shop.
 31212 | Orc:2    | Found Evyucam's Magic Scroll Boutique.
 31215 | Orc:2    | Found Lyshri's Armour Boutique.
 31218 | Orc:2    | Found Voecob's Armour Shop.
 31220 | Orc:2    | Found Todgh's Book Boutique.
 31356 | Orc:2    | Bought a quicksilver dragon armour for 960 gold pieces
 31370 | Orc:2    | Bought a book of Party Tricks for 650 gold pieces
 31377 | Orc:2    | Learned a level 6 spell: Invisibility
 31856 | D:11     | Found a stormy altar of Qazlal.
 31954 | D:11     | Reached ****** piety under Ashenzari
 31988 | D:11     | Identified the +8 flail of Zephadet {pain, +Blink}
 32792 | D:12     | Noticed Azrael
 32835 | D:12     | Killed Azrael
 32835 | D:12     | Reached skill level 5 in Ice Magic
 33020 | D:12     | Noticed Psyche
 33027 | D:12     | Killed Psyche
 33175 | D:12     | Noticed Sonja
 33183 | D:12     | Killed Sonja
 33999 | D:13     | Noticed Snorg
 34057 | D:13     | Killed Snorg
 34611 | D:13     | Reached skill level 15 in Spellcasting
 35104 | D:13     | Found a gate to the Vaults.
 35475 | D:14     | Noticed Rupert
 35482 | D:14     | Killed Rupert
 35482 | D:14     | Reached skill level 20 in Stealth
 35584 | D:14     | Reached skill level 1 in Armour
 35917 | D:15     | Entered Level 15 of the Dungeon
 36315 | D:15     | Found a white marble altar of Elyvilon.
 36404 | D:15     | Found a shattered altar of Ashenzari.
 36463 | D:15     | Reached XP level 16. HP: 80/80 MP: 29/36
 36498 | D:15     | Found a staircase to the Depths.
 37306 | Lair:2   | Learned a level 3 spell: Conjure Flame
 37310 | Lair:2   | Learned a level 3 spell: Mephitic Cloud
 37313 | Lair:2   | Learned a level 2 spell: Blink
 37316 | Lair:2   | Learned a level 2 spell: Repel Missiles
 37418 | Lair:6   | Identified the +2 ring mail of the Pits of Slime {Dex+6}
 37543 | Spider:1 | Entered Level 1 of the Spider Nest
 37553 | Lair:6   | Reached skill level 15 in Hexes
 39220 | Spider:1 | Reached skill level 21 in Stealth
 39743 | Spider:2 | Identified the +6 scale mail of Sloth {rPois Str+8 Dex+3 Slay-4}
 39751 | Spider:2 | Upgraded the game from 0.18.1-47-g9310371 to 0.18.1-48-g4cf74bf
 41976 | Spider:3 | Noticed Louise
 41979 | Spider:3 | Killed Louise
 42689 | Spider:4 | Entered Level 4 of the Spider Nest
 42712 | Spider:4 | Reached skill level 22 in Stealth
 42920 | Spider:4 | Reached XP level 17. HP: 85/85 MP: 38/38
 43216 | Spider:4 | Noticed Kirke
 43259 | Spider:4 | Killed Kirke
 43640 | Spider:4 | Noticed Kloppie's ghost (adept MiBe)
 43711 | Spider:4 | Killed Kloppie's ghost
 46433 | Spider:4 | Got a gossamer rune of Zot
 47097 | Vaults:1 | Entered Level 1 of the Vaults
 47279 | Elf:1    | Entered Level 1 of the Elven Halls
 47655 | Elf:1    | Found Uninayr's Jewellery Boutique.
 47811 | Elf:1    | Reached skill level 23 in Stealth
 48909 | Elf:1    | Identified the Collected Works on Companions
 49403 | Elf:1    | Reached XP level 18. HP: 85/90 MP: 28/40
 49680 | Elf:2    | Found a deep blue altar of Sif Muna.
 49976 | Elf:2    | Found a runed gate.
 49976 | Elf:2    | Found a runed gate.
 49978 | Elf:2    | Found a runed gate.
 50339 | Elf:2    | Found a portal to a secret trove of treasure.
 50885 | Elf:2    | Reached skill level 24 in Stealth
 52366 | Elf:3    | Entered Level 3 of the Elven Halls
 52828 | Elf:3    | Identified the +9 spear of Mismel {drain, +Blink rPois MR+}
 52984 | Elf:3    | Found Gupsue's Antique Armour Shoppe.
 53031 | Elf:3    | Found a deep blue altar of Sif Muna.
 55741 | Elf:3    | Identified the cursed +0 leather armour "Kus Zoc" {rF+ rCorr Slay+2} (You took it off a deep elf annihilator on level 3 of the Elven Halls)
 55855 | Elf:3    | Noticed a Brimstone Fiend
 55856 | Elf:3    | Identified the ring of Wymuttuu {rPois rC+ rN+++ Str-3 Int-4} (You took it off a deep elf demonologist on level 3 of the Elven Halls)
 56883 | Elf:3    | Reached XP level 19. HP: 8/93 MP: 27/43
 57835 | Elf:3    | Identified the +7 chain mail "Ileta" {-Tele rF+++ rC+++ Dex-4} (You took it off a deep elf master archer on level 3 of the Elven Halls)
 58755 | Elf:3    | Identified the cursed +3 arbalest of Luhim {velocity, rF++ rN+ MR- Str+3}
 58761 | Elf:3    | Learned a level 1 spell: Summon Butterflies
 59016 | Elf:3    | Reached skill level 5 in Charms
 59916 | Elf:3    | Identified the ring of Cali {rC+ rN+ Str+2 Dex+3} (You took it off a deep elf demonologist on level 3 of the Elven Halls)
 59947 | Elf:3    | Reached skill level 5 in Conjurations
 60155 | Elf:3    | Reached skill level 1 in Evocations
 60333 | Elf:3    | Noticed a Tzitzimitl
 61995 | Elf:3    | Identified the Incunabulum of Ensnaring Lightness (You found it on level 3 of the Elven Halls)
 62015 | Elf:3    | Identified the Compendium of Dislocated Hexes
 62618 | Shoals:1 | Entered Level 1 of the Shoals
 62944 | Shoals:2 | Reached skill level 15 in Dodging
 63094 | Shoals:3 | Identified the cursed +2 glaive of Piastrue {freeze, *Rage +Fly rElec rN+}
 63209 | Shoals:4 | Entered Level 4 of the Shoals
 63211 | Shoals:4 | Noticed Ilsuiw
 63246 | Shoals:4 | Killed Ilsuiw
 63632 | Shoals:4 | Reached skill level 25 in Stealth
 64558 | Shoals:4 | Reached XP level 20. HP: 89/98 MP: 37/46
 64605 | Shoals:4 | Got a barnacled rune of Zot
 66537 | Vaults:1 | Reached skill level 1 in Air Magic
 66604 | Vaults:1 | Reached skill level 10 in Short Blades
 67012 | Vaults:1 | Reached skill level 1 in Fire Magic
 67099 | Vaults:1 | Reached skill level 1 in Summonings
 67123 | Vaults:1 | Reached skill level 1 in Poison Magic
 68240 | Vaults:2 | Identified the cursed +0 plate armour "Dihaepsuapt" {rPois rC- rN++}
 68350 | Vaults:2 | Learned a level 2 spell: Shroud of Golubria
 69221 | Vaults:2 | Reached skill level 26 in Stealth
 69498 | Vaults:2 | Reached skill level 5 in Shields
 70911 | Vaults:2 | Found a staircase to the Crypt.
 70995 | Vaults:2 | Identified the cursed +3 shortbow "Pibouxzi" {venom, rN+ SInv} (You took it off a skeletal warrior on level 2 of the Vaults)
 71830 | Vaults:3 | Reached XP level 21. HP: 43/103 MP: 34/47
 73908 | Vaults:4 | Reached skill level 27 in Stealth
 74277 | Vaults:4 | Gained mutation: Your magical capacity is low (-10% MP). [a shining eye]
 74291 | Vaults:4 | Gained mutation: You have a pair of small horns on your head. [a shining eye]
 74293 | Vaults:4 | Gained mutation: Your body sometimes deteriorates upon taking damage. [a shining eye]
 74294 | Vaults:4 | Gained mutation: You regenerate slowly when monsters are visible. [a shining eye]
 74352 | Vaults:4 | Lost mutation: Your body sometimes deteriorates upon taking damage. [potion of cure mutation]
 74352 | Vaults:4 | Lost mutation: Your magical capacity is low (-10% MP). [potion of cure mutation]
 74352 | Vaults:4 | Lost mutation: You have a pair of small horns on your head. [potion of cure mutation]
 75453 | Vaults:5 | Entered Level 5 of the Vaults
 75766 | Lair:2   | Learned a level 8 spell: Discord
 75770 | Lair:2   | Learned a level 3 spell: Regeneration
 76360 | Vaults:5 | Identified 3 scrolls of acquirement
 76459 | Vaults:5 | Noticed Xtahua
 76849 | Vaults:5 | Noticed Sojobo
 76946 | Vaults:5 | Noticed a golden dragon
 76968 | Vaults:5 | Killed Xtahua
 77277 | Vaults:5 | Killed from afar by a fire giant

Skill      XL: |  1  2  3  4  5  6  7  8  9 10 11 12 13 14 15 16 17 18 19 20 21 |
---------------+----------------------------------------------------------------+-----
Hexes          | 4 5 6 7 8 9 10 11 12 13 14 15 16 17 18 | 18.3
Spellcasting   | 3 4 5 7 8 9 10 11 12 13 15 16 17 19 21 22 | 22.7
Stealth        | 5 6 8 10 11 13 15 16 17 19 20 22 23 24 25 26 27 | 27.0
Dodging        | 4 6 7 8 9 10 11 12 13 14 15 16 | 16.3
Fighting       | 1 2 3 5 6 7 8 |  8.7
Short Blades   | 2 3 5 6 7 8 9 10 | 10.7
Ice Magic      | 1 2 3 4 5 6 |  6.3
Shields        | 1 2 3 4 5 |  5.5
Conjurations   | 3 4 5 |  5.4
Charms         | 4 5 |  5.3
Translocations | 4 |  4.4
Armour         | 1 2 3 |  3.7
Evocations     | 1 4 |  4.3
Air Magic      | 3 |  3.5
Fire Magic     | 3 |  3.2
Summonings     | 3 |  3.0
Poison Magic   | 3 |  3.4

Action                   |  1- 3 |  4- 6 |  7- 9 | 10-12 | 13-15 | 16-18 | 19-21 || total
-------------------------+-------+-------+-------+-------+-------+-------+-------++-------
Melee: Dagger            |   119 |   133 |   474 |   713 |  1407 |  1374 |  1645 ||  5865
       Headbutt          |       |       |       |       |       |       |     2 ||     2
 Cast: Ensorcelled Hiber |    10 |     4 |    46 |   106 |   269 |   224 |    67 ||   726
       Corona            |     2 |       |       |       |     9 |       |       ||    11
       Confuse           |       |     5 |    59 |    63 |   249 |   173 |   308 ||   857
       Dazzling Spray    |       |       |     7 |    95 |   120 |   169 |   308 ||   699
       Apportation       |       |       |       |       |     1 |     4 |    13 ||    18
       Blink             |       |       |       |       |       |     5 |     1 ||     6
       Conjure Flame     |       |       |       |       |       |     6 |     2 ||     8
       Repel Missiles    |       |       |       |       |       |     5 |     4 ||     9
       Invisibility      |       |       |       |       |       |    17 |    21 ||    38
       Magic Dart        |       |       |       |       |       |    35 |    57 ||    92
       Iskenderun's Batt |       |       |       |       |       |    12 |    36 ||    48
       Mephitic Cloud    |       |       |       |       |       |    10 |     4 ||    14
       Shroud of Golubri |       |       |       |       |       |       |     3 ||     3
       Discord           |       |       |       |       |       |       |     2 ||     2
Invok: Curse Item        |       |       |     1 |     3 |     1 |       |     2 ||     7
       Scrying           |       |       |       |       |       |     1 |     2 ||     3
 Abil: Evoke Blink       |       |       |       |       |     1 |       |       ||     1
Evoke: Wand              |       |       |     3 |       |     2 |       |     3 ||     8
  Use: Scroll            |     4 |     3 |    13 |     9 |     5 |     4 |    12 ||    50
       Potion            |       |       |     2 |       |     1 |     4 |     2 ||     9
 Stab: Sleeping          |    14 |     9 |    51 |   102 |   236 |   210 |    63 ||   685
       Confused          |       |     6 |    31 |    29 |   116 |    77 |   152 ||   411
       Invisible         |       |       |     1 |    16 |    29 |   100 |   144 ||   290
       Distracted        |       |       |       |     1 |     6 |    11 |    20 ||    38
       Held in net/web   |       |       |       |       |       |     2 |       ||     2
  Eat: Bread ration      |       |     1 |     1 |     1 |     2 |     3 |     1 ||     9
       Fruit             |       |     1 |     1 |       |       |       |    16 ||    18
       Pizza             |       |       |       |     1 |     1 |     9 |     2 ||    13
       Royal jelly       |       |       |       |       |     2 |     2 |     3 ||     7
Armor: Robe              |     5 |    15 |    16 |    13 |    16 |       |       ||    65
       Quicksilver drago |       |       |       |       |    18 |   102 |    70 ||   190
Dodge: Dodged            |    94 |    92 |   248 |   395 |   614 |  1063 |   884 ||  3390
       Deflected         |       |       |       |       |       |     9 |    25 ||    34
Block: Buckler           |       |       |    69 |   117 |   261 |   388 |   513 ||  1348
